NYP
EUGENE EMERALDS @ LOS ANGELES (NYP) DODGERS
06/29/2044
 
TOP OF THE 1ST
Eugene Emeralds batting - Pitching for Los Angeles (NYP) Dodgers : LHP Justin Pirie
Pitching: LHP Justin Pirie
Batting: RHB Garrett Granata 0-0: Called Strike
0-1: Ball
1-1: Ball
2-1: Ball
3-1: Foul Ball, location: 2F
3-2: Foul Ball, location: 2F
3-2: Strikes out swinging
Batting: RHB Chris Slama 0-0: Called Strike
0-1: SINGLE (Groundball, 6MD, EV 95.0 MPH)
Batting: LHB Trevor Spaulding 0-0: Fly out, F4 (Popup, 4D, EV 49.4 MPH)
Batting: RHB Jonathan Sotelo 0-0: Swinging Strike
0-1: Ball
1-1: Ball
2-1: SINGLE (Groundball, 4MD, EV 95.0 MPH)
Chris Slama to second
Batting: LHB Kwang-chih Men 0-0: SINGLE (Groundball, 4MD, EV 103.1 MPH)
Chris Slama to third
Jonathan Sotelo to second
Runner from 3rd tries for Home, SAFE, throw by CF to home
Batting: LHB Mark Huey 0-0: Called Strike
0-1: Ball
1-1: SINGLE (Line Drive, 7LM, EV 109.4 MPH)
Jonathan Sotelo to third
Kwang-chih Men to second
Runner from 3rd tries for Home, SAFE, throw by LF to home
Batting: RHB Frank McArdle 0-0: Foul Ball, location: 2F
0-1: Swinging Strike
0-2: Strikes out swinging
Top of the 1st over - 2 runs, 4 hits, 0 errors, 2 left on base; Eugene 2 - Los Angeles (NYP) 0
BOTTOM OF THE 1ST
Los Angeles (NYP) Dodgers batting - Pitching for Eugene Emeralds : LHP Mike Alexander
Pitching: LHP Mike Alexander
Batting: RHB Mario Mejia 0-0: Foul Ball, location: 2F
0-1: Swinging Strike
0-2: SINGLE (Groundball, 6MD, EV 103.1 MPH)
Batting: RHB Leo Cuellar 0-0: Called Strike
0-1: Called Strike
0-2: Ball
1-2: Grounds into double play, 6-4-3 (Groundball, 56D, EV 88.8 MPH)
Batting: RHB John Piccolo 0-0: Reached via error on a dropped throw from 3B, E3 (Groundball, 5S, EV 79.4 MPH)
Batting: SHB Chris Ackerson 0-0: Called Strike
0-1: Ball
1-1: Ball
Wild Pitch!
John Piccolo to second
2-1: Foul Ball, location: 2F
2-2: Ball
3-2: Ground out 6-3 (Groundball, 6S, EV 86.2 MPH)
Bottom of the 1st over - 0 runs, 1 hit, 1 error, 1 left on base; Eugene 2 - Los Angeles (NYP) 0
TOP OF THE 2ND
Eugene Emeralds batting - Pitching for Los Angeles (NYP) Dodgers : LHP Justin Pirie
Batting: RHB Brian Gargis 0-0: Ball
1-0: Ball
2-0: Ball
3-0: Called Strike
3-1: Foul Ball, location: 2F
3-2: Base on Balls
Batting: RHB Jonathan Ridgely 0-0: Ball
1-0: Swinging Strike
1-1: Ball
2-1: Ball
3-1: Base on Balls
Brian Gargis to second
Batting: RHB Garrett Granata 0-0: Foul Ball, location: 2F
0-1: Swinging Strike
0-2: Foul Ball, location: 2F
0-2: Ball
1-2: Fly out, F8 (Flyball, 8RXD, EV 89.4 MPH)
Runner from 2nd tags up, SAFE at 3rd, no throw by CF
Batting: RHB Chris Slama 0-0: Foul Ball, location: 2F
0-1: Grounds into double play, 5-4-3 (Groundball, 56, EV 93.1 MPH)
Top of the 2nd over - 0 runs, 0 hits, 0 errors, 1 left on base; Eugene 2 - Los Angeles (NYP) 0
BOTTOM OF THE 2ND
Los Angeles (NYP) Dodgers batting - Pitching for Eugene Emeralds : LHP Mike Alexander
Batting: LHB Kippy McGrath 0-0: Ball
1-0: Ball
2-0: Ball
3-0: Called Strike
3-1: Ground out 2-3 (Groundball, 2R, EV 71.9 MPH)
Batting: RHB Eddie Perry 0-0: Ball
1-0: Fly out, F9 (Flyball, 89XD, EV 104.4 MPH)
Batting: RHB Jonathan Kirsch 0-0: Swinging Strike
0-1: SINGLE (Line Drive, 9S, EV 108.8 MPH)
Batting: LHB Bobby Gambrell 0-0: Called Strike
0-1: TRIPLE (Line Drive, 8LD, EV 109.4 MPH)
Jonathan Kirsch scores
Batting: RHB Jonathan Quijada 0-0: Swinging Strike
0-1: Called Strike
0-2: Foul Ball, location: 2F
0-2: Ground out 6-3 (Groundball, 6S, EV 92.5 MPH)
Bottom of the 2nd over - 1 run, 2 hits, 0 errors, 1 left on base; Eugene 2 - Los Angeles (NYP) 1
TOP OF THE 3RD
Eugene Emeralds batting - Pitching for Los Angeles (NYP) Dodgers : LHP Justin Pirie
Batting: LHB Trevor Spaulding 0-0: SINGLE (Groundball, 34D, EV 100.6 MPH)
Batting: RHB Jonathan Sotelo 0-0: Ball
1-0: Ball
2-0: Ball
3-0: Base on Balls
Trevor Spaulding to second
Batting: LHB Kwang-chih Men 0-0: Ball
1-0: Called Strike
1-1: Swinging Strike
1-2: Strikes out swinging
Batting: LHB Mark Huey 0-0: Foul Ball, location: 2F
0-1: Foul Ball, location: 2F
0-2: Strikes out looking
Batting: RHB Frank McArdle 0-0: Foul Ball, location: 2F
0-1: Called Strike
0-2: Ball
1-2: Ball
2-2: SINGLE (Groundball, P, EV 81.9 MPH) (infield hit)
Trevor Spaulding to third
Jonathan Sotelo to second
Batting: RHB Brian Gargis 0-0: Ball
1-0: Ball
2-0: Foul Ball, location: 2F
2-1: Called Strike
2-2: Foul Ball, location: 2F
2-2: Ball
3-2: Base on Balls
Trevor Spaulding scores
Jonathan Sotelo to third
Frank McArdle to second
Batting: RHB Jonathan Ridgely 0-0: Ball
1-0: Ball
2-0: Called Strike
2-1: Fielders Choice at 2nd, 6-4 (Groundball, 6, EV 88.8 MPH)
Top of the 3rd over - 1 run, 2 hits, 0 errors, 3 left on base; Eugene 3 - Los Angeles (NYP) 1
BOTTOM OF THE 3RD
Los Angeles (NYP) Dodgers batting - Pitching for Eugene Emeralds : LHP Mike Alexander
Batting: RHB Mario Mejia 0-0: Swinging Strike
0-1: Ball
1-1: Foul Ball, location: 2F
1-2: Ball
2-2: Ball
3-2: Foul Ball, location: 2F
3-2: Base on Balls
Batting: RHB Leo Cuellar 0-0: Called Strike
0-1: Ball
1-1: Ball
2-1: Grounds into double play, 6-4-3 (Groundball, 6, EV 80.6 MPH)
Batting: RHB John Piccolo 0-0: Swinging Strike
0-1: Ball
1-1: SINGLE (Line Drive, 4M, EV 103.1 MPH)
Batting: SHB Chris Ackerson 0-0: Called Strike
0-1: Ball
1-1: Ball
2-1: Ball
3-1: Called Strike
3-2: DOUBLE (Line Drive, 9LM, EV 105.6 MPH)
John Piccolo to third
John Piccolo scores
Batting: LHB Kippy McGrath 0-0: Called Strike
0-1: Fly out, F9 (Flyball, 9LM, EV 91.2 MPH)
Bottom of the 3rd over - 1 run, 2 hits, 0 errors, 1 left on base; Eugene 3 - Los Angeles (NYP) 2
TOP OF THE 4TH
Eugene Emeralds batting - Pitching for Los Angeles (NYP) Dodgers : LHP Justin Pirie
Batting: RHB Garrett Granata 0-0: Called Strike
0-1: Called Strike
0-2: Ball
1-2: Ground out 5-3 (Groundball, 56, EV 83.1 MPH)
Batting: RHB Chris Slama 0-0: SINGLE (Flyball, 9S, EV 83.1 MPH)
Batting: LHB Trevor Spaulding 0-0: Called Strike
0-1: Called Strike
0-2: Ball
1-2: Ball
2-2: Foul Ball, location: 2F
2-2: Ball
3-2: Base on Balls
Chris Slama to second
Batting: RHB Jonathan Sotelo 0-0: Ball
1-0: Ball
2-0: Ball
3-0: Base on Balls
Chris Slama to third
Trevor Spaulding to second
Batting: LHB Kwang-chih Men 0-0: Ball
1-0: Ball
2-0: Ball
3-0: Base on Balls
Chris Slama scores
Trevor Spaulding to third
Jonathan Sotelo to second
Batting: LHB Mark Huey 0-0: Foul Ball, location: 2F
0-1: Ball
1-1: Called Strike
1-2: Foul Ball, location: 2F
1-2: Ball
2-2: Ball
3-2: Foul Ball, location: 2F
3-2: Ground out 6-3 (Groundball, 6M, EV 88.1 MPH)
Trevor Spaulding scores
Jonathan Sotelo to third
Kwang-chih Men to second
Batting: RHB Frank McArdle 0-0: Called Strike
0-1: Called Strike
0-2: Foul Ball, location: 2F
0-2: Foul Ball, location: 2F
0-2: Ball
1-2: Foul Ball, location: 2F
1-2: Ball
2-2: SINGLE (Groundball, 56D, EV 100.6 MPH)
Jonathan Sotelo scores
Kwang-chih Men to third
Runner from 3rd tries for Home, SAFE, throw by LF to home
Pitching: RHP Cody Bryant
Batting: RHB Brian Gargis 0-0: Called Strike
0-1: Foul Ball, location: 2F
0-2: Ball
1-2: Foul Ball, location: 2F
1-2: Ball
2-2: Foul Ball, location: 2F
2-2: Fly out, F8 (Flyball, 8LS, EV 86.2 MPH)
Top of the 4th over - 4 runs, 2 hits, 0 errors, 1 left on base; Eugene 7 - Los Angeles (NYP) 2
BOTTOM OF THE 4TH
Los Angeles (NYP) Dodgers batting - Pitching for Eugene Emeralds : LHP Mike Alexander
Batting: RHB Eddie Perry 0-0: SINGLE (Groundball, 56D, EV 103.8 MPH)
Batting: RHB Jonathan Kirsch 0-0: Ball
1-0: Foul Ball, location: 2F
1-1: Swinging Strike
1-2: Fly out, F8 (Line Drive, 8RD, EV 90.6 MPH)
Batting: LHB Bobby Gambrell 0-0: Called Strike
0-1: Ball
1-1: SINGLE (Groundball, 34D, EV 102.5 MPH)
Eddie Perry to second
Runner from 2nd tries for 3rd, OUT! 9-5
Batting: RHB Jonathan Quijada 0-0: Ball
1-0: Called Strike
1-1: Ground out 4-3 (Groundball, 4, EV 82.5 MPH)
Bottom of the 4th over - 0 runs, 2 hits, 0 errors, 1 left on base; Eugene 7 - Los Angeles (NYP) 2
TOP OF THE 5TH
Eugene Emeralds batting - Pitching for Los Angeles (NYP) Dodgers : RHP Cody Bryant
Batting: RHB Jonathan Ridgely 0-0: Called Strike
0-1: Ground out 5-3 (Groundball, 5S, EV 84.4 MPH)
Batting: RHB Garrett Granata 0-0: Ball
1-0: Called Strike
1-1: Ball
2-1: Foul Ball, location: 2F
2-2: Ball
3-2: Base on Balls
Batting: RHB Chris Slama 0-0: Ball
Garrett Granata steals 2nd base (no throw)
1-0: Called Strike
1-1: Ball
2-1: Foul Ball, location: 2F
2-2: Ball
3-2: Fly out, F8 (Flyball, 89D, EV 72.5 MPH)
Runner from 2nd tags up, SAFE at 3rd, no throw by CF
Pitching: RHP Dave Bible
Batting: LHB Trevor Spaulding 0-0: Called Strike
0-1: Foul Ball, location: 2F
0-2: Strikes out swinging
Top of the 5th over - 0 runs, 0 hits, 0 errors, 1 left on base; Eugene 7 - Los Angeles (NYP) 2
BOTTOM OF THE 5TH
Los Angeles (NYP) Dodgers batting - Pitching for Eugene Emeralds : LHP Mike Alexander
Batting: RHB Mario Mejia 0-0: Foul Ball, location: 2F
0-1: Swinging Strike
0-2: Strikes out swinging
Pitching: RHP Jose Marrero
Batting: RHB Leo Cuellar 0-0: Ball
1-0: Ball
2-0: Ball
3-0: Base on Balls
Batting: RHB John Piccolo 0-0: Called Strike
Leo Cuellar steals 2nd base
0-1: Foul Ball, location: 2F
0-2: Ball
1-2: Strikes out swinging
Batting: SHB Chris Ackerson 0-0: Foul Ball, location: 2F
0-1: Ball
1-1: Ball
2-1: Foul Ball, location: 2F
2-2: Strikes out looking
Bottom of the 5th over - 0 runs, 0 hits, 0 errors, 1 left on base; Eugene 7 - Los Angeles (NYP) 2
TOP OF THE 6TH
Eugene Emeralds batting - Pitching for Los Angeles (NYP) Dodgers : RHP Dave Bible
Batting: RHB Jonathan Sotelo 0-0: Ball
1-0: Ball
2-0: Foul Ball, location: 2F
2-1: Ball
3-1: Base on Balls
Batting: LHB Kwang-chih Men 0-0: Called Strike
0-1: Ball
1-1: Ball
2-1: Foul Ball, location: 2F
2-2: Ball
3-2: Base on Balls
Jonathan Sotelo to second
Batting: LHB Mark Huey 0-0: Ball
1-0: Called Strike
1-1: Ball
2-1: Foul Ball, location: 2F
2-2: Foul Ball, location: 2F
2-2: Ball
3-2: SINGLE (Groundball, 4MD, EV 96.2 MPH)
Jonathan Sotelo to third
Kwang-chih Men to second
Runner from 3rd tries for Home, SAFE, throw by CF to home
Pitching: RHP Chris Hodge
Batting: RHB Frank McArdle 0-0: Called Strike
0-1: Called Strike
0-2: Fly out, F5 (Flyball, 56D, EV 83.1 MPH)
Batting: RHB Brian Gargis 0-0: Called Strike
Kwang-chih Men steals 3rd base
Mark Huey to second
0-1: Ball
1-1: Ball
2-1: Called Strike
2-2: Strikes out swinging
Batting: RHB Jonathan Ridgely 0-0: Swinging Strike
0-1: Ball
1-1: Foul Ball, location: 2F
1-2: Ball
2-2: Strikes out looking
Top of the 6th over - 1 run, 1 hit, 0 errors, 2 left on base; Eugene 8 - Los Angeles (NYP) 2
BOTTOM OF THE 6TH
Los Angeles (NYP) Dodgers batting - Pitching for Eugene Emeralds : RHP Jose Marrero
Batting: LHB Kippy McGrath 0-0: Ball
1-0: Called Strike
1-1: Ground out 6-3 (Groundball, 6, EV 90.0 MPH)
Batting: RHB Eddie Perry 0-0: Ball
1-0: Swinging Strike
1-1: Foul Ball, location: 2F
1-2: Foul Ball, location: 2F
1-2: Ball
2-2: Strikes out swinging
Batting: RHB Jonathan Kirsch 0-0: Ball
1-0: Ball
2-0: Called Strike
2-1: Ground out 6-3 (Groundball, 6, EV 104.4 MPH)
Bottom of the 6th over - 0 runs, 0 hits, 0 errors, 0 left on base; Eugene 8 - Los Angeles (NYP) 2
TOP OF THE 7TH
Eugene Emeralds batting - Pitching for Los Angeles (NYP) Dodgers : RHP Chris Hodge
Batting: RHB Garrett Granata 0-0: Called Strike
0-1: Ball
1-1: Ball
2-1: Ball
3-1: Foul Ball, location: 2F
3-2: Ground out 6-3 (Groundball, 6, EV 89.4 MPH)
Pitching: RHP Willie Alvarado
Batting: RHB Chris Slama 0-0: Called Strike
0-1: Foul Ball, location: 2F
0-2: Strikes out swinging
Batting: LHB Trevor Spaulding 0-0: Foul Ball, location: 2F
0-1: Ball
1-1: Fly out, F8 (Flyball, 8RXD, EV 85.6 MPH)
Top of the 7th over - 0 runs, 0 hits, 0 errors, 0 left on base; Eugene 8 - Los Angeles (NYP) 2
BOTTOM OF THE 7TH
Los Angeles (NYP) Dodgers batting - Pitching for Eugene Emeralds : RHP Jose Marrero
Batting: LHB Bobby Gambrell 0-0: Ball
1-0: Called Strike
1-1: Foul Ball, location: 2F
1-2: Foul Ball, location: 2F
1-2: Ball
2-2: Strikes out swinging
Batting: RHB Jonathan Quijada 0-0: Foul Ball, location: 2F
0-1: Swinging Strike
0-2: Ball
1-2: Foul Ball, location: 2F
1-2: Ball
2-2: Strikes out swinging
Batting: RHB Mario Mejia 0-0: Called Strike
0-1: Ball
1-1: Ground out 6-3 (Groundball, 56, EV 96.2 MPH)
Bottom of the 7th over - 0 runs, 0 hits, 0 errors, 0 left on base; Eugene 8 - Los Angeles (NYP) 2
TOP OF THE 8TH
Eugene Emeralds batting - Pitching for Los Angeles (NYP) Dodgers : RHP Willie Alvarado
Batting: RHB Jonathan Sotelo 0-0: Ball
1-0: SINGLE (Groundball, 5S, EV 73.1 MPH) (infield hit)
Batting: LHB Kwang-chih Men 0-0: Ball
1-0: Foul Ball, location: 2F
1-1: Ball
2-1: Ball
3-1: Foul Ball, location: 2F
3-2: Foul Ball, location: 2F
3-2: SINGLE (Groundball, 34D, EV 101.9 MPH)
Jonathan Sotelo to second
Runner from 2nd tries for 3rd, OUT! 9-5
Batting: LHB Mark Huey 0-0: Called Strike
0-1: Called Strike
0-2: Ball
1-2: Ball
2-2: Ball
3-2: Foul Ball, location: 2F
3-2: SINGLE (Flyball, 8RS, EV 98.1 MPH)
Kwang-chih Men to second
Kwang-chih Men to third
Pitching: RHP Craig Fallon
Batting: RHB Frank McArdle 0-0: Ball
1-0: Ball
Passed Ball!
Kwang-chih Men scores
Mark Huey to second
2-0: DOUBLE (Line Drive, 89D, EV 108.8 MPH)
Mark Huey scores
Batting: RHB Brian Gargis 0-0: Called Strike
0-1: Ball
1-1: Foul Ball, location: 2F
1-2: Strikes out swinging
Batting: RHB Jonathan Ridgely 0-0: Foul Ball, location: 2F
0-1: Ball
1-1: Swinging Strike
1-2: SINGLE (Line Drive, 6D, EV 98.1 MPH)
Frank McArdle to third
Runner from 3rd tries for Home, SAFE, throw by CF to home
Pinch Hitting: RHB Ricky Lule 0-0: Ball
1-0: Foul Ball, location: 2F
1-1: Ball
Wild Pitch!
Jonathan Ridgely to second
2-1: Ball
3-1: Foul Ball, location: 2F
3-2: Base on Balls
Batting: RHB Chris Slama 0-0: Ball
1-0: Foul Ball, location: 2F
1-1: Called Strike
1-2: Ball
2-2: Strikes out looking
Top of the 8th over - 3 runs, 5 hits, 0 errors, 2 left on base; Eugene 11 - Los Angeles (NYP) 2
BOTTOM OF THE 8TH
Los Angeles (NYP) Dodgers batting - Pitching for Eugene Emeralds : RHP Jose Marrero
Now at 2B: Ricky Lule
Pinch Hitting: RHB Pat Mage 0-0: SINGLE (Groundball, 56D, EV 96.9 MPH)
Pitching: LHP Colin Scott
Batting: RHB John Piccolo 0-0: Ball
1-0: Called Strike
1-1: Ball
2-1: Ball
3-1: Foul Ball, location: 2F
3-2: Fly out, F7 (Flyball, 7S, EV 91.9 MPH)
Pinch Hitting: RHB Cesar Reyes 0-0: Called Strike
0-1: Ball
1-1: Grounds into double play, 6-4-3 (Groundball, 6, EV 90.0 MPH)
Bottom of the 8th over - 0 runs, 1 hit, 0 errors, 0 left on base; Eugene 11 - Los Angeles (NYP) 2
TOP OF THE 9TH
Eugene Emeralds batting - Pitching for Los Angeles (NYP) Dodgers : RHP Craig Fallon
Pitching: LHP Gavin White
Now in LF: Cesar Reyes
Now in CF: Pat Mage
Pinch Hitting: RHB Dusty Hergert 0-0: Ball
1-0: Swinging Strike
1-1: Called Strike
1-2: Ball
2-2: Foul Ball, location: 2F
2-2: Foul Ball, location: 2F
2-2: SINGLE (Groundball, 5D, EV 98.1 MPH)
Batting: RHB Jonathan Sotelo 0-0: Foul Ball, location: 2F
0-1: Ball
1-1: Called Strike
1-2: Ball
2-2: Foul Ball, location: 2F
2-2: Strikes out swinging
Batting: LHB Kwang-chih Men 0-0: Ball
1-0: Fly out, F3 (Popup, 3S, EV 83.1 MPH)
Batting: LHB Mark Huey 0-0: Ground out 4-3 (Groundball, 34D, EV 99.4 MPH)
Top of the 9th over - 0 runs, 1 hit, 0 errors, 1 left on base; Eugene 11 - Los Angeles (NYP) 2
BOTTOM OF THE 9TH
Los Angeles (NYP) Dodgers batting - Pitching for Eugene Emeralds : LHP Colin Scott
Now at 1B: Dusty Hergert
Pinch Hitting: LHB Mike Pesek 0-0: Swinging Strike
0-1: Ball
1-1: Ball
2-1: Called Strike
2-2: Foul Ball, location: 2F
2-2: Foul Ball, location: 2F
2-2: Ball
3-2: Foul Ball, location: 2F
3-2: Fly out, F8 (Line Drive, 8RM, EV 85.6 MPH)
Batting: RHB Eddie Perry 0-0: Called Strike
0-1: Foul Ball, location: 2F
0-2: Ball
1-2: Ball
2-2: SINGLE (Groundball, 56D, EV 96.2 MPH)
Pinch Hitting: RHB Dustin Huschka 0-0: Ball
1-0: Grounds into double play, 6-4-3 (Groundball, 56, EV 88.1 MPH)
Bottom of the 9th over - 0 runs, 1 hit, 0 errors, 0 left on base; Eugene 11 - Los Angeles (NYP) 2
Thursday, March 31st , 2022 - OOTP Baseball 22.12 Build 89